 Dungeon Crawl Stone Soup version 0.23.2-40-g277498a001 (webtiles) character file.

Game seed: 2383573010963631462

7105 H0rd4k the Carver (level 11, 0/83 HPs)
             Began as a Human Artificer on Sept 11, 2019.
             Was an Initiate of Gozag.
             Slain by a five-headed hydra (10 damage)
             ... on level 12 of the Dungeon.
             The game lasted 00:20:45 (10989 turns).

H0rd4k the Carver (Human Artificer)                Turns: 10989, Time: 00:20:46

Health: 0/83       AC:  6    Str: 20    XL:     11   Next: 31%
Magic:  14/14      EV: 16    Int: 12    God:    Gozag
Gold:   984        SH:  0    Dex: 14    Spells: 10/10 levels left

rFire    . . .     SeeInvis +   m - +5 long sword
rCold    . . .     Gourm    .   (no shield)
rNeg     . . .     Faith    .   P - +0 leather armour {rPois}
rPois    +         Spirit   .   (no helmet)
rElec    .         Reflect  .   (no cloak)
rCorr    .         Harm     .   s - +2 pair of gloves
MR       .....                  (no boots)
Stlth    +++.......             (no amulet)
HPRegen  0.23/turn              C - ring of see invisible
MPRegen  0.14/turn              M - ring of poison resistance

@: mighty, studying Dodging
A: no striking features
a: Potion Petition, Call Merchant, Bribe Branch, Renounce Religion


You were on level 12 of the Dungeon.
You worshipped Gozag.
Gozag was pleased with you.
You were not hungry.

You visited 2 branches of the dungeon, and saw 13 of its levels.

You collected 1174 gold pieces.
You paid 190 gold pieces to Gozag.

Inventory:

Hand Weapons
 m - a +5 long sword (weapon)
 H - a +0 shortbow of flaming
 K - a +1 vampiric lajatang
 N - a +3 arbalest
Missiles
 p - 13 javelins (quivered)
 q - 7 throwing nets
 x - 16 tomahawks
 I - 34 arrows
Armour
 b - a +0 leather armour
 s - a +2 pair of gloves (worn)
 J - a +2 robe of magic resistance
 P - a +0 leather armour of poison resistance (worn)
 R - +0 swamp dragon scales
Magical Staves
 G - an uncursed staff of power
Jewellery
 a - a cursed ring of attention {unknown}
 i - an uncursed ring of flight
 C - a ring of see invisible (left hand)
 E - an uncursed ring of fire
 M - a ring of poison resistance (right hand)
Wands
 c - a wand of flame (19)
 d - a wand of enslavement (10)
 e - a wand of random effects (6)
 y - a wand of clouds (5)
 D - a wand of digging (6)
 L - a wand of paralysis (11)
 Q - a wand of acid (4)
 S - a wand of iceblast (14)
Scrolls
 g - 5 scrolls of identify
 k - 3 scrolls of enchant armour
 o - a scroll of silence {unknown}
 r - 3 scrolls of fog
 u - 3 scrolls of teleportation
 F - a scroll of magic mapping
Potions
 h - 4 potions of brilliance
 j - 2 potions of haste
 l - 2 potions of invisibility
 n - 4 potions of degeneration
 t - a potion of flight
 v - 6 potions of curing
 w - 4 potions of ambrosia
 z - a potion of might
 A - a potion of agility
 B - a potion of mutation
Books
 O - a manual of Dodging
Comestibles
 f - 16 rations


   Skills:
 + Level 6.4 Fighting
   Level 2.0(7.3) Short Blades
 + Level 10.9(11.0) Long Blades
 + Level 2.0 Throwing
 + Level 5.1 Armour
 + Level 6.9 Dodging
 + Level 5.5 Stealth
 + Level 5.2 Evocations


You had 10 spell levels left.
You didn't know any spells.
Your spell library contained the following spells:

 Spells                   Type           Power        Failure   Level  Hunger
 Confusing Touch          Hex            #.....       36%         1    ##.....
 Magic Dart               Conj           #...         36%         1    ##.....
 Blink                    Tloc           N/A          50%         2    ###....
 Call Imp                 Summ           #.......     50%         2    ###....
 Slow                     Hex            #.......     50%         2    ###....
 Confuse                  Hex            #.......     75%         3    ####...
 Conjure Flame            Conj/Fire      #.......     75%         3    ####...
 Gell's Gravitas          Tloc           #.........   75%         3    ####...
 Mephitic Cloud           Conj/Pois/Air  #.......     75%         3    ####...
 Petrify                  Tmut/Erth      #.......     98%         4    #####..
 Bolt of Magma            Conj/Fire/Erth #.........   100%        5    ######.
 Iskenderun's Battlesphe  Conj/Chrm      #.......     100%        5    ######.
 Metabolic Englaciation   Hex/Ice        #.........   100%        5    ######.
 Venom Bolt               Conj/Pois      #.........   100%        5    ######.
 Yara's Violent Unravell  Hex/Tmut       #.........   100%        5    ######.
 Iron Shot                Conj/Erth      #.........   100%        6    #######
 Orb of Destruction       Conj           #.........   100%        7    #######
 Spellforged Servitor     Conj/Summ      #.........   100%        7    #######


Dungeon Overview and Level Annotations

Branches:
Dungeon (12/15)            Temple (1/1) D:4             Orc (0/2) D:9
   Lair: D:8-11

Altars:
Ashenzari
Cheibriados
Dithmenos
Elyvilon
Fedhas
Gozag
Hepliaklqana
Kikubaaqudgha
Makhleb
Nemelex Xobeh
Okawaru
Qazlal
Ru
Sif Muna
Trog
Uskayaw
Vehumet
Wu Jian
Xom
Yredelemnul
Zin
The Shining One

Shops:
D:9 =

Annotations:
D:5 3 runed translucent doors, exclusion: downstairs, Thomus's ghost, novice DECj
D:7 3 runed translucent doors, AarnesTheHuman's ghost, novice BaFi
D:8 exclusion: 2 oklob plants
D:9 1 runed translucent door, exclusion: troll, raetorn's ghost, novice DrTm
D:10 Gastronok; Psyche


Message History

The hornet is heavily wounded.
The hornet closely misses you.
You miss the hornet.
The hornet is heavily wounded.
The hornet stings you!
* * * LOW HITPOINT WARNING * * *
You feel yourself slow down. The five-headed hydra misses you.
The five-headed hydra bites you!
* * * LOW HITPOINT WARNING * * *
The five-headed hydra bites you but does no damage.
The five-headed hydra misses you.
The five-headed hydra barely misses you.
You feel yourself speed up. The hornet closely misses you.
The hornet stings you but does no damage.
The five-headed hydra barely misses you.
The five-headed hydra closely misses you.
The five-headed hydra bites you!
You die...
Your body crumbles into a pile of gold.

##############
.......#.D@..#
.......#.y...#
.......'.....#
.....).#.....#
.......#.....#
##########'#######
..................
..................
..................


You could see a five-headed hydra and a hornet.

Vanquished Creatures
  A two-headed ogre (D:11)
  An unseen horror (D:12)
  2 centaur zombies (D:10)
  A kobold demonologist (D:11)
  3 hippogriffs
  2 wyverns
  A steam dragon (D:7)
  A hungry ghost (D:9)
  An orc warrior (D:10)
  2 sky beasts
  3 phantoms
  A black bear (D:10)
  An ice beast (D:5)
  3 ogres
  5 centaurs
  A scorpion (D:11)
  A big kobold (D:7)
  5 bullfrogs
  A wyvern zombie (D:8)
  2 jellies
  4 wights (D:10)
  3 crimson imps
  2 bullfrog zombies
  5 hounds
  A quasit (D:11)
  6 orc priests
  4 orc wizards
  A bullfrog skeleton (D:7)
  Natasha (thrice) (D:2)
  Terence (D:2)
  6 iguanas
  4 worker ants
  2 hound zombies (D:11)
  10 adders
  4 gnolls (D:3)
  A howler monkey skeleton (D:4)
  4 shadow imps
  3 adder skeletons
  2 worms (D:3)
  5 dart slugs
  A leopard gecko (D:1)
  30 orcs
  2 giant cockroaches
  7 goblins
  12 hobgoblins
  4 jackals
  8 kobolds
  A quokka (D:7)
  2 ball pythons
  A ball python skeleton (D:4)
  2 bats (D:2)
  7 frilled lizards
  A leopard gecko zombie (D:8)
  3 rats
190 creatures vanquished.

Vanquished Creatures (collateral kills)
  An eye of draining (D:10)
  A shadow imp (D:12)
2 creatures vanquished.

Vanquished Creatures (others)
  A two-headed ogre (D:10)
  A troll (D:12)
  An orc warrior (D:11)
3 creatures vanquished.

Grand Total: 195 creatures vanquished

Notes
Turn   | Place    | Note
-------+----------+-------------------------------------------
     0 | D:1      | H0rd4k the Human Artificer began the quest for the Orb.
     0 | D:1      | Reached XP level 1. HP: 15/15 MP: 3/3
   271 | D:1      | Reached XP level 2. HP: 17/21 MP: 4/4
   474 | D:1      | Reached XP level 3. HP: 14/26 MP: 5/5
  1103 | D:2      | Noticed Terence
  1164 | D:2      | Killed Terence
  1164 | D:2      | Reached skill level 1 in Armour
  1164 | D:2      | Reached XP level 4. HP: 13/32 MP: 6/6
  1328 | D:2      | Noticed Natasha
  1337 | D:2      | Killed Natasha
  1337 | D:2      | Reached XP level 5. HP: 12/37 MP: 6/8
  1379 | D:2      | Noticed Natasha
  1382 | D:2      | Killed Natasha
  1453 | D:2      | Noticed Natasha
  1456 | D:2      | Killed Natasha
  1456 | D:2      | Reached skill level 1 in Long Blades
  2106 | D:3      | Found a basalt altar of Yredelemnul.
  2124 | D:3      | Reached XP level 6. HP: 44/44 MP: 9/9
  2240 | D:3      | Reached skill level 2 in Long Blades
  3198 | D:4      | Found a hide-covered altar of Uskayaw.
  3205 | D:4      | Found a radiant altar of Vehumet.
  3680 | D:4      | Reached skill level 3 in Long Blades
  3680 | D:4      | Reached XP level 7. HP: 50/50 MP: 10/10
  3803 | D:4      | Found a staircase to the Ecumenical Temple.
  3843 | Temple   | Entered the Ecumenical Temple
  4085 | D:5      | Entered Level 5 of the Dungeon
  4257 | D:5      | Reached skill level 4 in Long Blades
  4542 | D:5      | Found a runed translucent gate.
  4542 | D:5      | Found a runed translucent gate.
  4542 | D:5      | Found a runed translucent gate.
  4543 | D:5      | Noticed Thomus's ghost (novice DECj)
  4647 | D:5      | Reached XP level 8. HP: 34/57 MP: 11/11
  4758 | D:5      | Reached skill level 5 in Long Blades
  4967 | D:6      | Reached skill level 1 in Throwing
  5573 | D:6      | Reached skill level 6 in Long Blades
  6127 | D:6      | Reached XP level 9. HP: 55/65 MP: 12/12
  6471 | D:7      | Found a runed translucent gate.
  6471 | D:7      | Found a runed translucent gate.
  6491 | D:7      | Found a runed translucent gate.
  6491 | D:7      | Noticed AarnesTheHuman's ghost (novice BaFi)
  6585 | D:7      | Found an ancient bone altar of Kikubaaqudgha.
  6884 | D:7      | Reached skill level 7 in Long Blades
  7304 | D:8      | Noticed an oklob plant
  7947 | D:8      | Reached skill level 8 in Long Blades
  7980 | D:8      | Found a stormy altar of Qazlal.
  7980 | D:8      | Found an opulent altar of Gozag.
  7984 | D:8      | Became a worshipper of Gozag Ym Sagoz the Greedy
  8097 | D:8      | Noticed an oklob plant
  8338 | D:9      | Found a staircase to the Orcish Mines.
  8354 | D:9      | Identified a scroll of acquirement
  8457 | D:9      | Found a runed translucent door.
  8458 | D:9      | Found Daimnyke's Jewellery Shoppe.
  8458 | D:9      | Found a shimmering altar of Xom.
  8458 | D:9      | Noticed raetorn's ghost (novice DrTm)
  8458 | D:9      | Noticed a troll
  8499 | D:9      | Reached skill level 5 in Dodging
  8680 | D:9      | Found a white marble altar of Elyvilon.
  8691 | D:9      | Reached XP level 10. HP: 70/73 MP: 13/13
  8954 | D:9      | Found an opulent altar of Gozag.
  9018 | D:10     | Entered Level 10 of the Dungeon
  9063 | D:10     | Reached skill level 5 in Fighting
  9063 | D:10     | Reached skill level 9 in Long Blades
  9319 | D:10     | Noticed Psyche
  9403 | D:10     | Noticed a two-headed ogre
  9412 | D:10     | Noticed Gastronok
  9426 | D:10     | Reached skill level 5 in Stealth
  9773 | D:11     | Noticed a kobold demonologist
  9799 | D:11     | Reached skill level 10 in Long Blades
  9816 | D:11     | Killed a kobold demonologist
  9883 | D:10     | HP: 3/76 [orc warrior/cursed -1 mace (14)]
 10210 | D:11     | Reached skill level 5 in Evocations
 10249 | D:11     | Reached XP level 11. HP: 65/81 MP: 14/14
 10733 | D:11     | Noticed a two-headed ogre
 10742 | D:11     | Killed a two-headed ogre
 10743 | D:11     | Noticed a manticore
 10854 | D:12     | Noticed an unseen horror
 10869 | D:12     | Killed an unseen horror
 10869 | D:12     | Reached skill level 5 in Armour
 10976 | D:12     | Noticed a five-headed hydra
 10979 | D:12     | Paralysed by a hornet for 3 turns
 10989 | D:12     | Slain by a five-headed hydra

Skill      XL: |  1  2  3  4  5  6  7  8  9 10 11 |
---------------+----------------------------------+-----
Short Blades   | 2 |  2.0
Armour         | 1 2 3 4 5 |  5.1
Evocations     | 4 5 |  5.2
Long Blades    | 1 3 4 6 8 10 | 10.9
Fighting       | 2 3 4 5 6 |  6.4
Dodging        | 3 4 5 6 |  6.9
Stealth        | 2 4 5 |  5.5
Throwing       | 1 2 |  2.0

Action                   |  1- 3 |  4- 6 |  7- 9 | 10-12 || total
-------------------------+-------+-------+-------+-------++-------
Melee: Short sword       |    96 |       |       |       ||    96
       Long sword        |    20 |    93 |   275 |   188 ||   576
Throw: Javelin           |       |       |     7 |     9 ||    16
Evoke: Wand              |     6 |    11 |     3 |    16 ||    36
  Use: Scroll            |       |       |    21 |     2 ||    23
       Potion            |       |       |     1 |     5 ||     6
 Stab: Sleeping          |     1 |     1 |     5 |     4 ||    11
       Distracted        |       |       |     1 |     2 ||     3
  Eat: Chunk             |       |     5 |    13 |       ||    18
       Ration            |       |     1 |     1 |     3 ||     5
Armor: Leather armour    |    23 |    17 |    53 |    40 ||   133
Dodge: Dodged            |    75 |    61 |   194 |   112 ||   442
       Rpst.: Long sword |     7 |    14 |    53 |    38 ||   112
